 Seeded DCSS version 0.30.0-19-g36f170ea60 (webtiles) character file.

Game seed: 5 (custom seed)

273 Kazon the Cudgeller (level 6, 0/60 (62) HPs)
             Began as an Ogre Gladiator on May 30, 2023.
             Was an Initiate of Okawaru.
             Slain by a black bear (2 damage)
             ... on level 4 of the Dungeon.
             The game lasted 00:11:15 (2332 turns).

Kazon the Cudgeller (Ogre Gladiator)                Turns: 2332, Time: 00:11:16

HP:   0/60 (62)     AC:  3    Str: 21    XL:     6   Next: 24%
MP:   16/16         EV:  7    Int:  9    God:    Okawaru [......]
Gold: 163           SH: 11    Dex: 10    Spells: 5/5 levels left

rFire   . . .        a - +0 flail
rCold   . . .        j - +0 tower shield
rNeg    . . .        b - +0 robe
rPois   .            c - +0 hat
rElec   .            (no cloak)
rCorr   .            (gloves unavailable)
SInv    .            (boots unavailable)
Will    .....        (no amulet)
Stlth   +            t - ring of magical power
HPRegen 0.30/turn    (no ring)
MPRegen 0.15/turn

%: no passive effects
@: studying Maces & Flails, lightly drained
A: large, unfitting armour, tough skin 1
a: Renounce Religion


You were on level 4 of the Dungeon.
You worshipped Okawaru.
Okawaru was noncommittal.
You visited 2 branches of the dungeon, and saw 5 of its levels.

You collected 163 gold pieces.

Inventory:

Hand Weapons
 a - a +0 flail (weapon)
 k - a +0 long sword
 w - a +0 war axe
Missiles
 d - 3 throwing nets
 e - a large rock
 f - 12 stones (quivered)
 g - 5 poisoned darts
 n - 3 boomerangs
Armour
 b - a +0 robe (worn)
 c - a +0 hat (worn)
 j - a +0 tower shield (worn)
Jewellery
 t - a ring of magical power (left hand)
Scrolls
 o - 2 scrolls of identify {unknown}
 p - a scroll of summoning {unknown}
 q - a scroll of blinking {unknown}
 r - a scroll of teleportation {unknown}
 s - 2 scrolls of magic mapping {unknown}
 y - a scroll of torment {unknown}
Potions
 h - a potion of magic {unknown}
 i - a potion of resistance {unknown}
 l - 3 potions of curing {unknown}
 m - a potion of invisibility {unknown}
 u - a potion of flight {unknown}
 v - a potion of berserk rage {unknown}
 x - 2 potions of heal wounds {unknown}


   Skills:
 + Level 3.8 Fighting
 + Level 1.0 Long Blades
 + Level 5.2 Maces & Flails
 + Level 2.2 Throwing
 + Level 3.6 Dodging
 + Level 0.1 Stealth
 + Level 2.1 Shields
 * Level 1.3 Invocations


You had 5 spell levels left.
You didn't know any spells.
Your spell library contained the following spells:

 Spells                   Type           Power      Damage    Failure   Level
 Frozen Ramparts          Ice            0%         1d1       100%        3
 Ice Form                 Ice/Tmut       0%         N/A       100%        4
 Summon Ice Beast         Ice/Summ       Unusable   N/A       N/A         4

Dungeon Overview and Level Annotations

Branches:
Dungeon (4/15)             Temple (1/1) D:4

Altars:
Fedhas
Gozag
Okawaru
Qazlal
Trog
Uskayaw
Wu Jian
The Shining One


Innate Abilities, Weirdness & Mutations

You are too large for most types of armour.
You have tough skin. (AC +1)


Message History

Things that are here:
a +0 scythe; a +0 robe; the human corpse of Sigmund A black bear comes into view.
An orc comes into view. It is wielding a +0 flail.
The orc shouts!
You hear a shout!
You block the black bear's attack. x2; The black bear claws you.
You hit the black bear.
The black bear is lightly wounded.
The black bear bites you but does no damage.
You block the black bear's attack. x2
An orc comes into view. It is wielding a +1 dagger of draining.
The black bear bites you. The black bear claws you.
You block the black bear's attack.
You hit the black bear.
The black bear is moderately wounded.
The black bear bites you. You block the black bear's attack. x2
You hit the orc but do no damage. The orc hits you with a +0 flail!
The black bear bites you.
* * * LOW HITPOINT WARNING * * *
You block the black bear's attack. The black bear claws you.
* * * LOW HITPOINT WARNING * * *
An orc comes into view. It is wielding a +0 hand axe.
The black bear bites you.
* * * LOW HITPOINT WARNING * * *
The black bear claws you but does no damage.
You block the black bear's attack.
You hit the black bear.
The black bear is moderately wounded.
The orc hits you with a +1 dagger of draining.
* * * LOW HITPOINT WARNING * * *
You feel drained.
* * * LOW HITPOINT WARNING * * *
You block the black bear's attack. The black bear barely misses you.
You block the black bear's attack.
You hit the orc.
The orc is lightly wounded.
The black bear bites you.
* * * LOW HITPOINT WARNING * * *
The black bear claws you.
You die...

##......###..##.
#####.....>.........
#................##.
#......###..##...##.
#......# ...........
#......# #..##.#...)
#......# . ...
#.o....# ##.
#.o@...# #oh....#
#...###+## #... .
#... #. #... #. ###
. #. #


You could see a black bear and 3 orcs.

Vanquished Creatures
  Sigmund (D:4)
  4 adders
  3 worms
  2 orcs (D:3)
  4 bats
  9 endoplasms
  A giant cockroach (D:1)
  12 goblins
  6 hobgoblins
  11 jackals
  3 kobolds
  4 ball pythons
  3 frilled lizards
  4 rats
67 creatures vanquished.

Notes
Turn   | Place    | Note
-------+----------+-------------------------------------------
     0 | D:1      | Kazon the Ogre Gladiator began the quest for the Orb.
     0 | D:1      | Reached XP level 1. HP: 22/22 MP: 1/1
    42 | D:1      | Identified a scroll of acquirement
    42 | D:1      | Acquired a manual of Maces & Flails
    57 | D:1      | Reached XP level 2. HP: 27/29 MP: 2/2
    74 | D:1      | Reached skill level 3 in Maces & Flails
   411 | D:1      | Reached XP level 3. HP: 35/37 MP: 3/3
  1125 | D:2      | Reached XP level 4. HP: 23/45 MP: 4/4
  1145 | D:2      | HP: 2/45 [adder (2)]
  1148 | D:2      | Reached skill level 1 in Long Blades
  1256 | D:2      | Reached skill level 1 in Shields
  1757 | D:3      | Found a blossoming altar of Fedhas.
  1826 | D:3      | Reached XP level 5. HP: 39/53 MP: 5/5
  1890 | D:3      | Identified the +2 sling "Qeuhanocyt" {speed, rElec Str-3
                  | Dex+2}
  1907 | D:3      | Found a faded altar of an unknown god.
  1946 | D:3      | Found a stormy altar of Qazlal.
  2047 | D:3      | Reached skill level 4 in Maces & Flails
  2221 | D:4      | Found a staircase to the Ecumenical Temple.
  2230 | Temple   | Entered the Ecumenical Temple
  2244 | Temple   | Became a worshipper of Warmaster Okawaru
  2295 | D:4      | Noticed Sigmund
  2308 | D:4      | Killed Sigmund
  2309 | D:4      | Reached skill level 5 in Maces & Flails
  2309 | D:4      | Reached skill level 1 in Invocations
  2309 | D:4      | Reached XP level 6. HP: 31/62 MP: 7/7
  2324 | D:4      | Noticed a black bear
  2332 | D:4      | HP: 2/60 [black bear (5)]
  2332 | D:4      | Slain by a black bear

Illustrated notes

Levels and vault maps discovered:
D:1:      ebering_trefoil_3fold, layout_basic, st_stairs_14, serial_bayou_ford_a
D:2:      layout_basic, hangedman_decor_growths, minmay_close_crescents
D:3:      layout_rooms, mainiacjoe_overflow_concentric_impassable,
          mainiacjoe_overflow_paths, shapermc_ecumenical_altar_acropolis,
          chequers_serial_rivers_micro_b
D:4:      layout_basic, riverfiend_overflow_shadow_ancestor,
          minmay_temple_entry_glass, uniq_sigmund
Temple:   nicolae_temple_elliptical

Skill      XL: |  1  2  3  4  5 |
---------------+----------------+-----
Maces & Flails | 3 5 |  5.2
Fighting       | 3 |  3.8
Dodging        | 3 |  3.6
Long Blades    | 1 |  1.0
Shields        | 1 2 |  2.1
Invocations    | 1 |  1.3
Throwing       | |  2.2
Stealth        | |  0.1

Action                     |  1- 3 |  4- 6 || total
---------------------------+-------+-------++-------
  Melee: Flail             |    63 |   134 ||   197
         Long sword        |    58 |       ||    58
  Throw: Stone             |     3 |     1 ||     4
    Use: Scroll            |     1 |     2 ||     3
 Armour: Robe              |    50 |    29 ||    79
  Dodge: Dodged            |    55 |    39 ||    94
  Block: Tower shield      |    40 |    87 ||   127
